 Dungeon Crawl Stone Soup version 0.23.1 (webtiles) character file.

Game seed: 15692171175015646053

3120 Irenicus the Grappler (level 9, -12/80 HPs)
             Began as a Troll Chaos Knight on Mar 11, 2019.
             Was a Plaything of Xom.
             Mangled by a two-headed ogre
             ... wielding a +0 giant club
              (29 damage)
             ... on level 9 of the Dungeon.
             The game lasted 00:18:24 (2670 turns).

Irenicus the Grappler (Troll Chaos Knight)          Turns: 2670, Time: 00:18:25

Health: -12/80     AC:  8    Str: 26    XL:     9   Next: 60%
Magic:  8/8        EV: 10    Int:  8    God:    Xom [*.....]
Gold:   107        SH:  0    Dex: 12    Spells: 8/8 levels left

rFire    . . .     SeeInvis .     - Unarmed
rCold    . . .     Gourm    +   (no shield)
rNeg     . . .     Faith    .   h - +2 robe of Rotation {+Inv Str+4 Int-5 Stlth+}
rPois    +         Spirit   .   (helmet restricted)
rElec    .         Reflect  .   (no cloak)
rCorr    .         Harm     .   (gloves unavailable)
MR       +....                  (boots unavailable)
Stlth    ++........             (no amulet)
HPRegen  0.63/turn              r - ring of protection from magic {MR+, !d}
MPRegen  0.11/turn              u - ring of poison resistance {rPois, !d}

@: brilliant, berserk cooldown, very slightly contaminated, slowed, invisible,
very slow
A: large, unfitting armour, claws 3, fast metabolism 3, gourmand, regeneration
1, shaggy fur 1, tough skin 3
a: Renounce Religion


You were on level 9 of the Dungeon.
You worshipped Xom.
You were a special plaything of Xom.
You were not hungry.

You visited 1 branch of the dungeon, and saw 9 of its levels.

You collected 321 gold pieces.
You spent 214 gold pieces at shops.

Inventory:

Missiles
 f - 2 throwing nets {=f, !d}
Armour
 a - a +2 robe
 h - the +2 robe of Rotation (worn) {+Inv Str+4 Int-5 Stlth+}
   (You bought it in a shop on level 4 of the Dungeon)

   It affects your strength (+4).
   It affects your intelligence (-5).
   It lets you turn invisible.
   It makes you more stealthy.
 n - a +2 robe of magic resistance
   (You took it off Dowan on level 6 of the Dungeon)
Jewellery
 d - a +1 ring of evasion
   (You found it on level 2 of the Dungeon)
 p - an uncursed ring of protection from magic {MR+, !d}
   (You found it on level 6 of the Dungeon)
 r - a ring of protection from magic (left claw) {MR+, !d}
   (You found it on level 7 of the Dungeon)
 u - a ring of poison resistance (right claw) {rPois, !d}
   (You found it on level 7 of the Dungeon)
Wands
 g - a wand of clouds (7)
   (You found it on level 5 of the Dungeon)
Scrolls
 c - a scroll of holy word {unknown}
 e - 2 scrolls of identify
 j - a scroll of acquirement {unknown}
 l - 3 scrolls of enchant armour
 o - 2 scrolls of teleportation
 s - 2 scrolls of amnesia {unknown}
Potions
 k - 2 potions of magic
 m - a potion of invisibility
 q - 3 potions of curing
Comestibles
 b - 8 rations


   Skills:
 - Level 2.6 Fighting
 - Level 2.1 Dodging
 + Level 13.2 Unarmed Combat


You had 8 spell levels left.
You didn't know any spells.
Your spell library was empty.

Dungeon Overview and Level Annotations

Branches:
Dungeon (9/15)             Temple (0/1) D:6
   Lair: D:8-11         Orc: D:9-12

Altars:
Ashenzari
Cheibriados
Dithmenos
Okawaru
Uskayaw
Vehumet
Wu Jian
Xom

Shops:
D:4 *}*[   D:5 :**


Innate Abilities, Weirdness & Mutations

You are too large for most types of armour.
You have claws for hands.
Your metabolism is lightning-fast.
You like to eat raw meat.
Your natural rate of healing is unusually fast.
You are covered in fur. (AC +1)
You have extremely tough skin. (AC +3)


Message History

* * * LOW HITPOINT WARNING * * *
You take 3 damage, and have 30/120 hp.
You closely miss the killer bee. You claw the killer bee!
You kill the killer bee!
The killer bee stings you!
* * * LOW HITPOINT WARNING * * *
The killer bee closely misses you. x2
You take 7 damage, and have 23/120 hp.
You mangle the killer bee!!
You kill the killer bee!
The killer bee closely misses you. The killer bee barely misses you.
You miss the killer bee. The killer bee barely misses you.
The killer bee stings you but does no damage.
You closely miss the killer bee.
The killer bee stings you but does no damage.
A killer bee zombie comes into view.
The killer bee stings you but does no damage.
You claw the killer bee!
You hear two shouts!
The killer bee barely misses you.
A two-headed ogre comes into view. It is wielding two +0 giant clubs.
The howler monkey skeleton hits you.
* * * LOW HITPOINT WARNING * * *
The killer bee closely misses you.
You hear a shout!
You take 2 damage, and have 22/120 hp.
You eviscerate the howler monkey skeleton!!!
You destroy the howler monkey skeleton!
You hear a shout!
You hear a bark!
The killer bee stings you.
* * * LOW HITPOINT WARNING * * *
The killer bee stings you.
* * * LOW HITPOINT WARNING * * *
You hear a shout!
You take 2 damage, and have 20/120 hp.
A quokka, a hound and a kobold come into view.
The hound barks!
The kobold shouts!
The killer bee zombie hits you but does no damage.
The kobold hits you.
* * * LOW HITPOINT WARNING * * *
You take 1 damage, and have 19/120 hp.
You eviscerate the kobold!!!
You kill the kobold!
A kobold comes into view.
A kobold comes into view. It is wielding a +0 short sword.
The killer bee zombie hits you.
* * * LOW HITPOINT WARNING * * *
You take 1 damage, and have 18/120 hp.
You eviscerate the killer bee zombie!!!
You destroy the killer bee zombie!
The killer bee misses you.
A troll comes into view.
A big kobold comes into view. It is wielding a +0 whip.
You miss the hound. The hound bites you but does no damage.
The killer bee stings you.
* * * LOW HITPOINT WARNING * * *
You take 1 damage, and have 18/120 hp.
You mangle the hound!!
You kill the hound!
The killer bee stings you.
* * * LOW HITPOINT WARNING * * *
The killer bee stings you.
* * * LOW HITPOINT WARNING * * *
A kobold comes into view. It is wielding a +0 short sword.
You take 6 damage, and have 12/120 hp.
You miss the killer bee. Your claw misses the killer bee.
The killer bee stings you.
* * * LOW HITPOINT WARNING * * *
The killer bee closely misses you.
You take 2 damage, and have 10/120 hp.
You are too berserk!
You feel a strong urge to attack something.
The killer bee stings you but does no damage.
The killer bee barely misses you.
You are no longer berserk.
You are exhausted.
You feel yourself slow down. The quokka closely misses you.
The killer bee barely misses you.
You now have 7/80 hp.
The killer bee stings you but does no damage. x2
The killer bee closely misses you.
It was a potion of invisibility.
You fade into invisibility!
The killer bee barely misses you.
The killer bee stings you but does no damage.
The killer bee stings you!
* * * LOW HITPOINT WARNING * * *
You are very lightly contaminated with residual magic.
You take 8 damage, and have 1/80 hp.
It was a potion of curing.
You feel better. The killer bee barely misses you. x3
You regained 12 hp, and now have 13/80 hp.
The killer bee closely misses you.
The killer bee stings you but does no damage.
It was a potion of brilliance.
You feel clever all of a sudden. The killer bee closely misses you.
The killer bee barely misses you.
A kobold comes into view.
The two-headed ogre hits you with a +0 giant club!!
You die...
Xom chuckles heartily!

### +.# #@# #O# ####
## #y# ....# #.##.#
#.... #..#K# #.....
#.#y####.. #.....####
#.rTK......
#........###.KK.......
#.<..#†..........


You could see a two-headed ogre, a troll, a big kobold, 2 killer bees, a quokka
and 3 kobolds.

Vanquished Creatures
  A centaur zombie (D:7)
  Duvessa (D:6)
  Purgy (D:4)
  3 orc warriors
  3 ice beasts (D:5)
  A phantom (D:8)
  An ogre (D:4)
  3 centaurs
  3 bullfrogs
  A gnoll sergeant (D:5)
  Dowan (D:6)
  A scorpion (D:8)
  4 killer bees (D:9)
  3 wights (D:7)
  2 jellies
  A bullfrog zombie (D:3)
  A crimson imp (D:5)
  3 orc priests
  A centaur skeleton (D:5)
  2 bullfrog skeletons
  2 hounds
  5 orc wizards
  4 worker ants
  A killer bee zombie (D:9)
  2 hound zombies
  11 gnolls
  A howler monkey skeleton (D:9)
  6 adders
  2 shadow imps
  2 adder skeletons
  A worm (D:5)
  2 dart slugs (D:1)
  3 leopard geckos
  32 orcs
  5 giant cockroaches
  5 goblins
  11 hobgoblins
  4 jackals
  6 quokkas
  2 ball pythons
  5 bats
  3 frilled lizards
  A jackal skeleton (D:6)
  5 kobolds
  7 rats
165 creatures vanquished.

Vanquished Creatures (collateral kills)
  A hound (D:5)
  An orc (D:5)
2 creatures vanquished.

Vanquished Creatures (others)
  A jelly (D:5)
1 creature vanquished.

Grand Total: 168 creatures vanquished

Notes
Turn   | Place    | Note
-------+----------+-------------------------------------------
     0 | D:1      | Irenicus the Troll Chaos Knight began the quest for the
                  | Orb.
     0 | D:1      | Reached XP level 1. HP: 22/22 MP: 0/0
    52 | D:1      | Reached skill level 2 in Dodging
    98 | D:1      | Found an iron altar of Okawaru.
   100 | D:1      | Reached XP level 2. HP: 27/29 MP: 1/1
   267 | D:2      | Found a hide-covered altar of Uskayaw.
   296 | D:2      | Found a radiant altar of Vehumet.
   381 | D:3      | Reached skill level 4 in Unarmed Combat
   381 | D:3      | Reached XP level 3. HP: 36/36 MP: 2/2
   431 | D:3      | XOM: silly message
   441 | D:3      | Reached XP level 4. HP: 31/44 MP: 3/3
   487 | D:3      | XOM: silly message
   488 | D:3      | You fall through a shaft for 3 floors!
   489 | D:6      | Noticed a centaur
   489 | D:6      | XOM: butterfly on damage
   497 | D:6      | XOM: potion effect (agility)
   505 | D:6      | Killed a centaur
   505 | D:6      | Reached skill level 5 in Unarmed Combat
   505 | D:6      | Reached XP level 5. HP: 20/50 MP: 4/4
   522 | D:6      | Reached skill level 6 in Unarmed Combat
   523 | D:6      | Found a shattered altar of Ashenzari.
   523 | D:6      | Found an iron altar of Okawaru.
   524 | D:6      | Found a snail-covered altar of Cheibriados.
   551 | D:5      | Entered Level 5 of the Dungeon
   581 | D:5      | Reached XP level 6. HP: 42/59 MP: 5/5
   600 | D:4      | Found Mesi's Assorted Antiques.
   603 | D:4      | Bought a blue potion for 23 gold pieces
   603 | D:4      | Bought a puce potion for 23 gold pieces
   603 | D:4      | Bought a scroll labeled BETAFO QAEZXI for 26 gold pieces
   621 | D:4      | Found Mur Vut's Gadget Shop.
   630 | D:4      | Reached skill level 7 in Unarmed Combat
   646 | D:4      | Noticed Purgy
   658 | D:4      | Killed Purgy
   785 | D:3      | XOM: smoke on damage
   792 | D:3      | Reached XP level 7. HP: 47/66 MP: 6/6
   880 | D:3      | Reached skill level 8 in Unarmed Combat
   908 | D:3      | XOM: divination: detect creatures
  1007 | D:4      | Found Qeepneisk's Assorted Antiques.
  1087 | D:4      | XOM: harmless Pois miscast
  1140 | D:4      | Found Miesyvat's Antique Armour Boutique.
  1170 | D:4      | XOM: mild Summ miscast
  1232 | D:5      | XOM: confusion (+ monsters)
  1236 | D:5      | XOM: smoke on damage
  1242 | D:5      | Reached skill level 9 in Unarmed Combat
  1243 | D:5      | HP: 14/66 [gnoll/+0 halberd (15)]
  1247 | D:5      | HP: 3/66 [gnoll/+0 halberd (11)]
  1318 | D:5      | Found Keuvicsa's Assorted Antiques.
  1328 | D:5      | XOM: medium Air miscast
  1354 | D:5      | XOM: summons 2 friendly demons
  1365 | D:5      | XOM: blink monster(s)
  1398 | D:5      | Found Zuff's General Store.
  1407 | D:5      | Reached XP level 8. HP: 57/74 MP: 7/7
  1418 | D:5      | XOM: confuse monster(s)
  1470 | D:5      | Found Abyuneabue's Book Boutique.
  1485 | D:5      | XOM: divination: detect items
  1489 | D:5      | XOM: summons 5 friendly demons
  1495 | D:5      | Reached skill level 10 in Unarmed Combat
  1562 | D:4      | Bought a smoking robe for 142 gold pieces
  1572 | D:4      | Identified the +2 robe of Rotation {+Inv Str+4 Int-5
                  | Stlth+} (You bought it in a shop on level 4 of the Dungeon)
  1618 | D:6      | You fall through a shaft!
  1668 | D:6      | Noticed Duvessa
  1668 | D:6      | Noticed Dowan
  1675 | D:6      | Killed Duvessa
  1680 | D:6      | Killed Dowan
  1680 | D:6      | Reached skill level 11 in Unarmed Combat
  1711 | D:6      | Found a staircase to the Ecumenical Temple.
  1886 | D:7      | XOM: harmless Chrm miscast
  2031 | D:8      | Reached XP level 9. HP: 52/80 MP: 8/8
  2053 | D:8      | Found a shimmering altar of Xom.
  2054 | D:8      | Found an ornate altar of the Wu Jian Council.
  2061 | D:8      | Reached skill level 12 in Unarmed Combat
  2233 | D:8      | XOM: silly message
  2323 | D:7      | XOM: potion effect (berserk rage)
  2454 | D:7      | XOM: divination: detect items
  2461 | D:7      | XOM: harmless Air miscast
  2585 | D:8      | Found a shadowy altar of Dithmenos.
  2638 | D:9      | Reached skill level 13 in Unarmed Combat
  2647 | D:9      | HP: 30/120 [killer bee (3)]
  2652 | D:9      | Noticed a two-headed ogre
  2652 | D:9      | HP: 22/120 [howler monkey skeleton (2)]
  2656 | D:9      | Noticed a troll
  2657 | D:9      | HP: 18/120 [killer bee (1)]
  2665 | D:9      | HP: 1/80 [killer bee (9)]
  2670 | D:9      | Mangled by a two-headed ogre

Skill      XL: |  1  2  3  4  5  6  7  8  9 |
---------------+----------------------------+-----
Dodging        | 2 |  2.1
Unarmed Combat | 4 5 6 7 9 11 13 | 13.2
Fighting       | |  2.6

Action                   |  1- 3 |  4- 6 |  7- 9 || total
-------------------------+-------+-------+-------++-------
Melee: Unarmed           |   101 |    65 |   300 ||   466
       Punch             |       |     1 |    14 ||    15
  Use: Scroll            |       |       |     3 ||     3
       Potion            |       |       |     7 ||     7
 Stab: Sleeping          |       |       |     4 ||     4
  Eat: Chunk             |     5 |     7 |    13 ||    25
Armor: Robe              |    62 |    22 |   125 ||   209
       Skin              |       |       |     1 ||     1
Dodge: Dodged            |    91 |    36 |   190 ||   317

Levels and vault maps discovered:
D:1:      lightli_arrival_noodles, layout_basic, okawaru_ov_weapons_minmay
D:2:      layout_basic, old_standard_altar, lemuel_coloured_pillars_altar,
          uniq_natasha, uniq_jessica, uniq_sigmund
D:3:      layout_loops_corners, minmay_circle_x
D:4:      wander_river, layout_loops_ring, kennysheep_vampire_church,
          serial_shops, nicolae_shop_overgrown_old_shop, kennysheep_mini, shop,
          nicolae_shop_crystal, shop, minmay_misc_feat_four_crosses, uniq_purgy
D:5:      layout_cave_pools, serial_shops, shop, shop,
          nicolae_shop_window_shopping, first_ration, lemuel_flame_loot_1
D:6:      layout_rooms, gammafunk_temple_overflow_claw,
          minmay_temple_entry_statues_fountains, uniq_duvessa,
          uniq_crazy_yiuf_cottage, uniq_menkaure
D:7:      layout_basic, grunt_livestock
D:8:      corexii_shantytown, layout_loops_ring,
          gammafunk_temple_overflow_pools,
          nicolae_dithmenos_through_a_glass_darkly
D:9:      layout_rooms, makhleb_grotto_becter

Table legend:
 A = Turns spent in this place as a percentage of turns spent in the entire game.
 B = Non-inter-level travel turns spent in this place as a percentage of non-inter-level travel turns spent in the entire game.
 C = Inter-level travel turns spent in this place as a percentage of turns spent in this place.
 D = Turns resting spent in this place as a percentage of non-inter-level travel turns spent in this place.
 E = Turns spent auto-exploring this place as a percentage of non-inter-level travel turns spent in this place.
 F = Non-inter-level travel turns spent in this place divided by the number of levels of this place that you've seen.
                   A       B       C       D       E      F
               +-------+-------+-------+-------+-------+----------------------
         Total | 100.0 | 100.0 |   0.0 |   0.0 |   0.0 | 296.7
       Dungeon | 100.0 | 100.0 |   0.0 |   0.0 |   0.0 | 296.7
               +-------+-------+-------+-------+-------+----------------------

Table legend:
 A = Kills in this place as a percentage of kills in entire the game.
 B = Kills by you in this place as a percentage of kills by you in the entire game.
 C = Kills by friends in this place as a percentage of kills by friends in the entire game.
 D = Other kills in this place as a percentage of other kills in the entire game.
 E = Experience gained in this place as a percentage of experience gained in the entire game.
 F = Experience gained in this place divided by the number of levels of this place that you have seen.
                   A       B       C       D       E      F
               +-------+-------+-------+-------+-------+----------------------
         Total | 100.0 | 100.0 | 100.0 |   N/A | 100.0 | 495.3
       Dungeon | 100.0 | 100.0 | 100.0 |   N/A | 100.0 | 495.3
               +-------+-------+-------+-------+-------+----------------------
